 Dungeon Crawl Stone Soup version 0.28-a0-1236-gb25a51b929 (webtiles) character file.

Game seed: 6343751118589903472

3121592 jt the Corrupter of Planes (level 27, 196/196 HPs)
             Began as a Gargoyle Gladiator on Dec 25, 2021.
             Was the Champion of Lugonu.
             Escaped with the Orb
             ... and 5 runes on Dec 26, 2021!
             The game lasted 05:16:03 (73613 turns).

jt the Corrupter of Planes (Gargoyle Gladiator)    Turns: 73613, Time: 05:16:03

Health: 196/196    AC: 82    Str: 31    XL:     27
Magic:  31/31      EV: 10    Int:  9    God:    Lugonu [******]
Gold:   2941       SH: 15    Dex: 19    Spells: 33/35 levels left

rFire   + + .      SeeInvis +   a - +18 lance "Wyrmbane" {slay drac, rPois rF+ rC+ AC+3}
rCold   + . .      Faith    .   n - +0 kite shield
rNeg    + + .      Spirit   .   m - +8 orange crystal plate armour {Archmagi, Int+3 Clar}
rPois   ∞          Reflect  .   r - +2 hood of the Assassin {Detection Stab+ Stlth++}
rElec   +          Harm     .   k - +4 dragonskin cloak
rCorr   +          Rampage  ∞   i - +2 pair of gloves {Str+3}
Will    +++++      Archmagi +   F - +3 pair of seven-league boots {Rampage+∞}
Stlth   .......... Clarity  +   f - amulet of regeneration
HPRegen 1.22/turn               v - ring "Ilodaerch" {Will+++ rCorr AC+4 Int-5 Dex+2}
MPRegen 0.22/turn               h - ring of the Gloaming {rF+ rN+ rCorr MP-9 SInv}

@: flying, studying 2 skills
A: sickness immunity, AC +20, big wings, negative energy resistance 1,
electricity resistance, torment resistance 1, petrification resistance, hooves
2, thin skeletal structure 1, agile 1, berserk 1, inability to read while
threatened
0: Orb of Zot
}: 5/15 runes: serpentine, barnacled, slimy, silver, abyssal
a: Renounce Religion, Depart the Abyss, Bend Space, Banish, Corrupt, Enter the
Abyss, Brand Weapon With Distortion


You escaped.
You worshipped Lugonu.
Lugonu was exalted by your worship.
You visited 12 branches of the dungeon, and saw 56 of its levels.
You visited the Abyss 1 time.
You visited 3 bazaars.
You also visited: Bailey, Gauntlet, Ice Cave and Volcano.

You collected 10344 gold pieces.
You spent 7403 gold pieces at shops.

Inventory:

Hand Weapons
 a - the +18 lance "Wyrmbane" (weapon) {slay drac, rPois rF+ rC+ AC+3}
   (You bought it in a shop in a bazaar)

   It inflicts extra damage against dragons and draconians.
   AC:        It affects your AC (+3).
   rF:        It protects you from fire.
   rC:        It protects you from cold.
   rPois:     It protects you from poison.
 U - the +8 Vampire's Tooth {vamp}
   (You found it on level 3 of the Depths)

   It occasionally heals its wielder for the full amount of damage dealt when it
   wounds a living foe.
Missiles
 b - 5 silver boomerangs
 d - 21 throwing nets
 A - a curare-tipped dart
 B - 126 poisoned darts (quivered)
 J - 7 silver javelins
Armour
 i - a +2 pair of gloves of strength (worn)
 k - the +4 dragonskin cloak (worn)
   (You took it off Tiamat on level 3 of the Realm of Zot)

   It grants the wearer a chance to resist fire, cold, poison, electricity,
   acid, and negative energy.
 m - the +8 orange crystal plate armour (worn) {Archmagi, Int+3 Clar}
   (You found it on level 5 of the Pits of Slime)

   Int:       It affects your intelligence (+3).
   Clar:      It protects you against confusion.
 n - a +0 kite shield (worn)
 r - the +2 hood of the Assassin (worn) {Detection Stab+ Stlth++}
   (You found it on level 5 of the Vaults)

   It allows the wearer to sense nearby creatures.
   It allows the wearer to make particularly effective stabbing attacks against
   helpless or unaware enemies with any weapon.
   Stlth:     It makes you much more stealthy.
 y - the +0 cloak of Figuxemo {Regen+ SInv}
   (You found it on level 1 of the Vaults)

   SInv:      It lets you see invisible.
   Regen:     It increases your rate of health regeneration.
 F - the +3 pair of seven-league boots (worn) {Rampage+∞}
   (You acquired it on level 6 of the Lair of Beasts)

   Its wearer moves as far as possible in that direction when moving towards
   enemies.
Jewellery
 f - an amulet of regeneration (around neck)
 h - the ring of the Gloaming (right hand) {rF+ rN+ rCorr MP-9 SInv}
   (You found it on level 3 of the Depths)

   [ring of resist corrosion]

   rF:        It protects you from fire.
   rN:        It protects you from negative energy.
   MP:        It affects your magic capacity (-9).
   SInv:      It lets you see invisible.
   rCorr:     It protects you from acid and corrosion.
 v - the ring "Ilodaerch" (left hand) {Will+++ rCorr AC+4 Int-5 Dex+2}
   (You acquired it on level 3 of the Depths)

   [ring of protection]

   AC:        It affects your AC (+4).
   Int:       It affects your intelligence (-5).
   Dex:       It affects your dexterity (+2).
   rCorr:     It protects you from acid and corrosion.
   Will:      It greatly increases your willpower.
 Y - the ring of Linearity {rPois rN++ SInv}
   (You took it off a vault guard on level 5 of the Vaults)

   [ring of poison resistance]

   rPois:     It protects you from poison.
   rN:        It greatly protects you from negative energy.
   SInv:      It lets you see invisible.
Wands
 e - a wand of flame (64)
 p - a wand of digging (3)
 t - a wand of iceblast (14)
 K - a wand of charming (17)
 P - a wand of mindburst (61)
 Q - a wand of acid (12)
 R - a wand of paralysis (27)
 T - a wand of polymorph (16)
Scrolls
 g - 11 scrolls of fog
 o - 4 scrolls of immolation
 z - 16 scrolls of teleportation
 E - 6 scrolls of vulnerability
 G - 9 scrolls of blinking
 L - 6 scrolls of silence
 M - 14 scrolls of fear
 V - 5 scrolls of holy word
 W - 4 scrolls of summoning
Potions
 l - 14 potions of curing
 x - 6 potions of magic
 C - 2 potions of heal wounds
 D - a potion of resistance
 H - 6 potions of cancellation
 I - 10 potions of invisibility
 N - 6 potions of might
 O - a potion of haste
 Z - 12 potions of mutation
Miscellaneous
 c - a condenser vane
 j - a box of beasts
 q - a phantom mirror
 s - a lightning rod (4/4)
 u - a tin of tremorstones (2/2)
 S - a phial of floods


   Skills:
 + Level 26.1 Fighting
 - Level 14.5 Maces & Flails
 - Level 12.0 Polearms
 - Level 6.0 Throwing
 + Level 24.4 Armour
 - Level 3.6 Dodging
 - Level 5.0 Stealth
 - Level 18.0 Shields
 + Level 4.6 Spellcasting
 + Level 4.1 Transmutations
 + Level 6.0 Earth Magic
 O Level 27 Invocations
 + Level 14.0 Evocations


You had 33 spell levels left.
You knew the following spells:

 Your Spells              Type           Power      Damage    Failure   Level
a - Passwall              Tmut/Erth      13%        N/A       28%         2

Your spell library contained the following spells:

 Spells                   Type           Power      Damage    Failure   Level
 Beastly Appendage        Tmut           28%        N/A       28%         1
 Wereblood                Tmut           14%        N/A       38%         2
 Sting                    Tmut/Pois      32%        1d4       54%         1
 Stone Arrow              Conj/Erth      22%        3d8       80%         3
 Foxfire                  Conj/Fire      12%        2x1d4     83%         1
 Freeze                   Ice            12%        1d4       83%         1
 Shock                    Conj/Air       12%        1d3       83%         1
 Slow                     Hex            12%        N/A       83%         1
 Petrify                  Tmut/Erth      16%        N/A       88%         4
 Spider Form              Tmut/Pois      8%         N/A       89%         3
 Blink                    Tloc           6%         N/A       93%         2
 Corpse Rot               Necr/Air       6%         N/A       93%         2
 Ensorcelled Hibernation  Hex/Ice        6%         N/A       93%         2
 Poisonous Vapours        Pois/Air       6%         N/A       93%         2
 Scorch                   Fire           6%         2d5       93%         2
 Static Discharge         Conj/Air       3%         N/A       93%         2
 Ignite Poison            Fire/Tmut/Pois 6%         N/A       95%         3
 Confusing Touch          Hex            3%         N/A       99%         3
 Conjure Flame            Conj/Fire      3%         6-21      99%         3
 Dazzling Flash           Conj/Hex       6%         N/A       99%         3
 Frozen Ramparts          Ice            6%         1d2       99%         3
 Gell's Gravitas          Tloc           3%         N/A       99%         3
 Inner Flame              Hex/Fire       3%         N/A       99%         3
 Lesser Beckoning         Tloc           3%         N/A       99%         3
 Mephitic Cloud           Conj/Pois/Air  3%         N/A       99%         3
 Ozocubu's Armour         Ice            3%         N/A       99%         3
 Portal Projectile        Hex/Tloc       6%         N/A       99%         3
 Summon Guardian Golem    Hex/Summ       3%         N/A       99%         3
 Swiftness                Air            3%         N/A       99%         3
 Teleport Other           Tloc           3%         N/A       99%         3
 Tukima's Dance           Hex            3%         N/A       99%         3
 Animate Armour           Summ/Erth      22%        N/A       99%         4
 Airstrike                Air            1%         N/A       100%        4
 Animate Dead             Necr           1%         N/A       100%        4
 Dispel Undead            Necr           3%         3d7       100%        4
 Flame Wave               Conj/Fire      3%         2d4       100%        4
 Hailstorm                Conj/Ice       3%         3d3       100%        4
 Ice Form                 Ice/Tmut       8%         N/A       100%        4
 Iskenderun's Mystic Bla  Conj/Tloc      3%         2d3       100%        4
 Olgreb's Toxic Radiance  Pois           3%         N/A       100%        4
 Sticky Flame             Conj/Fire      3%         2d3       100%        4
 Summon Ice Beast         Ice/Summ       3%         N/A       100%        4
 Summon Lightning Spire   Summ/Air       3%         N/A       100%        4
 Alistair's Intoxication  Tmut/Pois      5%         N/A       100%        5
 Blade Hands              Tmut           7%         N/A       100%        5
 Borgnjor's Vile Clutch   Necr/Erth      5%         N/A       100%        5
 Excruciating Wounds      Necr           1%         N/A       100%        5
 Fireball                 Conj/Fire      1%         3d3       100%        5
 Freezing Cloud           Conj/Ice/Air   1%         6-21      100%        5
 Irradiate                Conj/Tmut      4%         3d14      100%        5
 Lightning Bolt           Conj/Air       1%         1d12      100%        5
 Manifold Assault         Tloc           3%         N/A       100%        5
 Metabolic Englaciation   Hex/Ice        1%         N/A       100%        5
 Summon Forest            Summ/Tloc      1%         N/A       100%        5
 Yara's Violent Unravell  Hex/Tmut       4%         3d4       100%        5
 Death Channel            Necr           1%         N/A       100%        6
 Dispersal                Tloc           1%         N/A       100%        6
 Eringya's Noxious Bog    Tmut/Pois      4%         N/A       100%        6
 Simulacrum               Ice/Necr       1%         N/A       100%        6
 Starburst                Conj/Fire      1%         6d3       100%        6
 Summon Cactus Giant      Summ           1%         N/A       100%        6
 Haunt                    Necr/Summ      1%         N/A       100%        7
 Malign Gateway           Summ/Tloc      1%         N/A       100%        7
 Orb of Destruction       Conj           1%         N/A       100%        7
 Ozocubu's Refrigeration  Ice            1%         4d5       100%        7
 Spellforged Servitor     Conj/Summ      1%         N/A       100%        7
 Summon Hydra             Summ           1%         N/A       100%        7
 Borgnjor's Revivificati  Necr           1%         N/A       100%        8
 Disjunction              Tloc           1%         N/A       100%        8
 Ignition                 Fire           1%         3d3       100%        8
 Lehudib's Crystal Spear  Conj/Erth      5%         10d3      100%        8
 Necromutation            Tmut/Necr      4%         N/A       100%        8
 Chain Lightning          Conj/Air       1%         3d2       100%        9
 Death's Door             Necr           1%         N/A       100%        9
 Polar Vortex             Ice            1%         N/A       100%        9
 Sublimation of Blood     Necr           Unusable   N/A       N/A         2

Dungeon Overview and Level Annotations

Branches:
Dungeon (15/15)            Temple (1/1) D:6            Lair (6/6) D:9
 Shoals (4/4) Lair:4        Snake (4/4) Lair:2        Slime (5/5) Lair:5
    Orc (2/2) D:12            Elf (3/3) Orc:2        Vaults (5/5) D:14
  Crypt (2/3) Vaults:3     Depths (4/4) D:15            Zot (5/5) Depths:4
 Bailey (visited)           IceCv (visited)         Volcano (visited)
Gauntlet (visited)

Altars:
Ashenzari
Cheibriados
Dithmenos
Elyvilon
Fedhas
Gozag
Kikubaaqudgha
Makhleb
Nemelex Xobeh
Okawaru
Qazlal
Ru
Sif Muna
Trog
Uskayaw
Vehumet
Wu Jian
Xom
Yredelemnul
Zin
Beogh
Lugonu

Shops:
D:1 *   D:2 [   D:5 (   D:10 (   D:12 (   D:13 !=[   D:15 !   Orc:2 ?*(=
Elf:1 (   Elf:2 [   Shoals:1 (*   Shoals:4 =   Snake:3 =:=

Portals:
Hell: Depths:1 Depths:2 Depths:3 Depths:4
Abyss: Depths:3
Pandemonium: Depths:1 Depths:2
Ziggurat: Depths:2

Annotations:
D:9 corrupted
Lair:6 exclusion: obsidian statue
Slime:4 corrupted
Elf:1 Roxanne
Vaults:1 corrupted


Innate Abilities, Weirdness & Mutations

You are immune to sickness and miasma.
Your stone body is resilient. (AC +20)
You are immune to poison.
Your large and strong wings let you fly.
You resist negative energy. (rN+)
You are resistant to electric shocks. (rElec)
You are resistant to unholy torment.
You are immune to petrification.
You have hoof-like feet.
You have a somewhat thin skeletal structure. (Dex +2, Stealth+)
You are agile. (Dex +2)
You tend to lose your temper in combat.
You sometimes lose the ability to read scrolls when taking damage.


Message History

You kill the Executioner!
Lugonu accepts your kill.
No target in view!
No target in view!
(D) Dungeon (T) Temple (L) Lair (A) Shoals (P) Snake Pit (M) Slime Pits (O) Orcish Mines (E) Elven Halls (V) Vaults (C) Crypt (U) Depths (H) Hell (Z) Zot
Where to? (Enter - D:1 @ (x,y), ? - help)
Your extra speed is starting to run out.
You feel yourself slow down.
There is a stone staircase leading up here.
You fly upwards.
There is a stone staircase leading down here.
A toenail golem comes into view.
A sun demon comes into view.
The sun demon moves out of view.
There is an escape hatch in the ceiling here.
You block the toenail golem's attack. A mysterious force pulls you upwards.
The hatch slams shut behind you.
You impale the toenail golem!!
The toenail golem is heavily damaged.
You puncture the toenail golem!
The toenail golem is severely damaged.
You block the toenail golem's attack.
You barely miss the toenail golem.
The toenail golem is severely damaged.
You impale the toenail golem!!
You destroy the toenail golem!
Lugonu accepts your kill.
Blink to where?
Press: ? - help, Dir - move target
As you read the scroll of blinking, it crumbles to dust.
Blink to where?
Press: ? - help, Dir - move target
As you read the scroll of blinking, it crumbles to dust.
Blink to where?
Press: ? - help, Dir - move target
As you read the scroll of blinking, it crumbles to dust.
You have escaped!

...........# #..........###
.#.#.#.#.#.##### #########.##..
...........##..# #.......#.##..
.#.#.#.#.####..# #.......#..#..
...>...)..# #>.# ###'######.###
.#.#.#.#.####..# #.#######..#
.......§.)..##'#######.#...###.##
.#.#.#.#.##......>.##.##...# #..#
..........#...§.@..#>###...# ##.#
.#.#.#.#.##........'#..'...# #..
..........#........######### ##.
.#.#.#.#.##........# #.
..........########## ##
.#.#.#.#.###### ###
..............# #..
.#.#.#.#.#....# #..
##............# #..


There were no monsters in sight!

Vanquished Creatures
  the Royal Jelly (Slime:5)
  Tiamat (Zot:3)
  An ancient lich (Zot:5)
  Mara (Crypt:1)
  3 juggernauts
  4 orbs of fire
  The ghost of Kebab the Slayer, a veteran HOFi of Beogh (Depths:2)
  8 Killer Klowns
  A curse toe (Zot:3)
  Saint Roka (Vaults:5)
  Xtahua (Vaults:3)
  7 golden dragons
  A profane servitor (D:12)
  The ghost of Onuingi the Warrior, an adept DrWn of Gozag (Vaults:1)
  A bone dragon (Abyss:3)
  the Enchantress (Depths:2)
  A Brimstone Fiend (Zot:2)
  2 electric golems (Zot:5)
  A Tzitzimitl (Zot:2)
  A Hell Sentinel (D:5)
  12 tentacled monstrosities
  The ghost of Siling the Spry, an adept DjFE of Makhleb (Vaults:1)
  A lich (Depths:3)
  20 Orb Guardians (Zot:5)
  The ghost of Fiono the Martial Artist, an adept GnTm of Cheibriados (Shoals:2)
  7 titans
  Asterion (Vaults:3)
  17 acid blobs
  2 walking frostbound tomes (Depths:3)
  A walking divine tome (Depths:3)
  Polyphemus (Shoals:4)
  2 deep elf master archers (Elf:3)
  5 quicksilver dragons
  A kraken (Shoals:3)
  An ancient champion (Crypt:1)
  An Executioner (D:3)
  3 deep elf blademasters
  3 tentacled starspawn
  Kirke (Lair:4)
  Donald (Shoals:3)
  A death cob (Zot:1)
  3 draconian monks
  A storm dragon (shapeshifter) (Vaults:5)
  16 storm dragons
  6 tengu reavers
  3 thorn hunters (Depths:2)
  Ilsuiw (Shoals:2)
  10 shadow dragons
  11 nagarajas
  6 azure jellies
  8 rockslimes
  Louise (Shoals:1)
  12 frost giants
  3 deep elf sorcerers
  3 ghost moths
  19 fire giants
  3 orc warlords
  6 draconian knights
  A caustic shrike zombie (Crypt:2)
  A cacodemon (Abyss:2)
  2 iron dragons
  3 draconian scorchers
  24 vault wardens
  Aizul (Vaults:3)
  2 curse skulls
  3 draconian shifters
  3 deep elf elementalists (Elf:3)
  An angel (Abyss:3)
  3 draconian stormcallers
  17 ironbound preservers
  3 war gargoyles
  2 ophanim (Abyss:3)
  A spriggan defender (Depths:2)
  A caustic shrike skeleton (Crypt:1)
  12 very ugly things
  7 ironbound thunderhulks
  8 deep elf demonologists
  5 draconian annihilators
  20 stone giants
  10 vampire knights
  7 quicksilver oozes
  A juggernaut skeleton (Crypt:2)
  Azrael (Snake:3)
  2 lorocyprocas
  12 green draconians
  5 red draconians
  9 black draconians
  14 purple draconians
  3 entropy weavers
  A bunyip (shapeshifter) (Vaults:5)
  12 deep elf annihilators
  A spark wasp (shapeshifter) (Depths:4)
  14 white draconians
  A minotaur (Gauntlet)
  A blizzard demon (Depths:1)
  7 yellow draconians
  13 deep elf death magi
  13 dire elephants
  4 eidola
  5 jiangshi (Crypt:2)
  A crystal guardian (Vaults:2)
  9 fire dragons
  15 ettins
  6 great orbs of eyes
  17 yaktaur captains
  7 merfolk javelineers
  12 merfolk impalers
  3 deep elf high priests
  A shambling mangrove (Depths:2)
  32 vault guards
  21 naga warriors
  11 boulder beetles
  3 rakshasas
  10 hydras
  5 salamander tyrants
  6 merfolk aquamancers
  A peacekeeper (Vaults:2)
  11 anacondas
  4 catoblepae
  3 ice dragons
  Erolcha (D:9)
  4 spriggan air magi
  4 ironbound frosthearts
  An ogre mage (Vaults:5)
  2 alligator snapping turtles
  2 death knights
  6 merfolk avatars
  29 centaur warriors
  4 death yaks (Shoals:4)
  A fenstrider witch skeleton (Crypt:2)
  27 dancing weapons
  7 tengu warriors
  14 two-headed ogres
  2 satyrs
  5 deep troll shamans
  9 deep troll earth magi
  5 spriggan berserkers
  11 vampire magi
  9 orc high priests
  5 thrashing horrors
  10 deep elf knights
  16 naga sharpshooters
  7 hell knights
  2 shadow wraiths
  12 shock serpents
  3 soul eaters
  Nergalle (Lair:3)
  A death drake (shapeshifter) (Vaults:5)
  10 large abominations
  2 spriggans (Depths:2)
  A sea snake (shapeshifter) (Vaults:2)
  4 sixfirhies
  6 salamander mystics
  46 deep trolls
  A deep troll (shapeshifter) (D:13)
  10 iron trolls
  15 sea snakes
  2 glowing orange brains
  2 spriggan druids (Depths:2)
  A spectral anaconda (Lair:6)
  A glowing orange brain (shapeshifter) (Depths:2)
  20 skeletal warriors
  2 cherubim (Abyss:3)
  A flayed ghost (Depths:3)
  10 wizards
  A tengu zombie (Depths:1)
  A bunyip skeleton (Crypt:2)
  13 deep elf archers
  12 lindwurms
  9 phantasmal warriors
  6 naga ritualists
  4 starcursed masses (Abyss:2)
  A lindwurm (shapeshifter) (D:15)
  Pikel (D:9)
  16 ironbound convokers
  5 orc knights
  15 harpies
  21 deep elf zephyrmancers
  An iron dragon zombie (Crypt:2)
  12 necromancers
  14 manticores
  32 ugly things
  15 mana vipers
  4 orc sorcerers
  A shining eye (Slime:3)
  16 cyclopes
  4 human zombies
  22 deep elf pyromancers
  A manticore (shapeshifter) (Vaults:4)
  32 salamanders
  A dire elephant zombie (Lair:6)
  7 fauns
  A goliath frog skeleton (Crypt:1)
  11 elephants
  Joseph (D:7)
  22 moths of wrath
  An iron dragon skeleton (Crypt:2)
  18 naga magi
  A black mamba (shapeshifter) (D:14)
  A toenail golem (D:1)
  37 black mambas
  6 water nymphs
  10 merfolk sirens
  5 guardian serpents
  15 vault sentinels
  A rust devil (D:11)
  A smoke demon (Volcano)
  An orange demon (Depths:2)
  2 molten gargoyles (Volcano)
  A green draconian zombie (Crypt:1)
  A torpor snail (Lair:5)
  2 eyes of devastation
  3 gargoyles
  2 hellions
  4 rime drakes
  A white draconian zombie (Crypt:1)
  9 cane toads
  An unseen horror (D:12)
  7 freezing wraiths
  4 efreet
  4 kobold demonologists
  2 minotaur zombies (Gauntlet)
  2 dire elephant skeletons (Lair:6)
  3 hellwings (D:12)
  A komodo dragon (shapeshifter) (Vaults:5)
  4 ancient zymes
  A demonic crawler (Abyss:2)
  4 ice devils
  2 tengu conjurers
  9 komodo dragons
  31 yaktaurs
  Psyche (D:9)
  A white draconian skeleton (Crypt:2)
  A red devil (Volcano)
  12 trolls
  A polar bear (shapeshifter) (D:14)
  8 wind drakes
  A harpy zombie (Crypt:1)
  38 merfolk
  Prince Ribbit (Lair:3)
  4 polar bears
  Grinder (D:3)
  4 hornets (Depths:2)
  A harpy skeleton (Abyss:1)
  A spectral elephant (Lair:6)
  A dream sheep (shapeshifter) (Vaults:5)
  57 slime creatures
  2 spectral guardian serpents (Crypt:1)
  4 raiju
  15 blink frogs
  An elf zombie (Vaults:3)
  10 dream sheep
  A spriggan zombie (Depths:1)
  A meliai zombie (D:12)
  14 snapping turtles
  9 flying skulls
  A stone giant simulacrum (Vaults:3)
  A spriggan (shapeshifter) (Elf:1)
  9 redbacks
  Sigmund (D:3)
  5 ynoxinuls
  A shadow (Abyss:1)
  24 water elementals
  3 air elementals
  A centaur simulacrum (D:14)
  6 wraiths
  6 vampires
  A tarantella (Vaults:1)
  The ghost of sanka the Shield-Bearer, an amateur GnFi (D:3)
  5 wyverns
  5 hogs
  87 yaks
  7 fire bats
  6 basilisks
  A wind drake skeleton (Crypt:2)
  A golden eye (Slime:5)
  A human (D:13)
  A steam dragon (D:6)
  7 vampire mosquitoes
  6 fire elementals
  2 chaos spawn
  7 neqoxecs
  8 wargs
  A naga zombie (Crypt:1)
  A swamp worm (shapeshifter) (Vaults:5)
  A death yak simulacrum (Lair:6)
  13 water moccasins
  2 spectral cane toads (Lair:6)
  8 hell hounds
  51 nagas
  A floating eye (Depths:1)
  29 orc warriors
  Duvessa (D:4)
  A black bear (D:5)
  21 wolves
  10 ogres
  6 small abominations
  7 centaurs
  2 lemures (D:9)
  3 elephant skeletons (Lair:6)
  A yaktaur zombie (Crypt:2)
  3 kobold brigands
  Blork the orc (D:4)
  8 bullfrogs
  4 cane toad simulacra
  A water moccasin zombie (D:5)
  2 scorpions
  3 earth elementals
  Dowan (D:4)
  A water moccasin skeleton (D:4)
  2 elephant simulacra
  6 killer bees (D:9)
  A yak skeleton (Crypt:1)
  8 wights
  2 howler monkeys
  5 centaur zombies
  8 lava snakes
  2 quasits
  5 hounds
  2 bullfrog zombies
  4 jellies
  35 orc priests
  2 human skeletons (Crypt:1)
  2 centaur skeletons
  A gnoll shaman (D:8)
  2 iron imps
  Crazy Yiuf (D:4)
  6 iguanas
  Ijyb (D:3)
  3 bullfrog skeletons
  19 orc wizards
  A polar bear simulacrum (IceCv)
  An acid dragon zombie (Crypt:1)
  An ogre zombie (Crypt:1)
  2 acid dragon skeletons (Crypt:1)
  A hound skeleton (D:5)
  7 mummies (Crypt:1)
  2 howler monkey zombies
  Robin (D:4)
  6 adders
  7 gnolls
  A steam dragon zombie (Crypt:2)
  2 white imps (D:6)
  4 ufetubi
  An adder zombie (D:3)
  3 worms
  3 dart slugs
  89 orcs
  8 endoplasms
  5 giant cockroaches
  23 goblins
  10 hobgoblins
  2 jackals (D:3)
  28 kobolds
  5 quokkas
  4 ball pythons
  3 bats
  3 frilled lizards
  A giant cockroach zombie (D:3)
  9 rats
  3 briar patches (Depths:2)
  2 fire vortices (D:10)
  3 plants (Shoals:4)
  2 starspawn tentacles (Abyss:1)
  4 tentacles (Shoals:3)
2442 creatures vanquished.

Vanquished Creatures (collateral kills)
  An Orb Guardian (Zot:5)
  A draconian shifter (Zot:3)
  An anaconda (Snake:4)
  A dancing weapon (Elf:2)
  A deep troll (Vaults:3)
  A mana viper (Snake:4)
  A moth of wrath (Zot:5)
  3 fire elementals (Snake:3)
  An orc warrior (Orc:1)
11 creatures vanquished.

Vanquished Creatures (others)
  A dread lich (Vaults:1)
  2 liches (Vaults:1)
  An acid blob (Slime:4)
  2 fire giants
  A draconian annihilator (Zot:5)
  A war gargoyle (Vaults:2)
  2 quicksilver oozes (Slime:4)
  An ettin (Depths:2)
  2 great orbs of eyes
  2 shock serpents (Snake:4)
  2 deep elf knights (Elf:3)
  A shadow wraith (Vaults:5)
  2 wizards (Vaults:3)
  An ironbound convoker (Vaults:1)
  A deep elf zephyrmancer (Elf:1)
  A mana viper (Snake:1)
  3 shining eyes (Slime:4)
  A salamander (Snake:3)
  A vault sentinel (Vaults:1)
  A queen bee (D:9)
  A hornet (Depths:2)
  8 slime creatures (Slime:4)
  A flying skull (Abyss:3)
  A golden eye (Slime:4)
  3 humans (Lair:5)
  A naga (Snake:1)
  A small abomination (Abyss:3)
  A spectral cane toad (Lair:6)
  A wolf (Lair:5)
  5 killer bees (D:9)
  An orc wizard (Orc:2)
  A white imp (Abyss:1)
  3 worms (D:9)
  6 ball lightnings (Vaults:1)
  5 briar patches (Depths:2)
  5 demonic plants (Abyss:2)
  A fire vortex (D:10)
  18 fungi
  A lurking horror (Abyss:2)
  72 plants
  12 starspawn tentacles
  12 tentacles (Shoals:3)
  20 withered plants (Lair:6)
209 creatures vanquished.

Grand Total: 2662 creatures vanquished

Notes
Turn   | Place    | Note
-------+----------+-------------------------------------------
     0 | D:1      | jt the Gargoyle Gladiator began the quest for the Orb.
     0 | D:1      | Reached XP level 1. HP: 12/12 MP: 1/1
    24 | D:1      | Reached XP level 2. HP: 12/17 MP: 2/2
   291 | D:1      | Found Tulustrud's Assorted Antiques.
   380 | D:1      | Reached XP level 3. HP: 21/21 MP: 3/3
   888 | D:2      | Reached XP level 4. HP: 24/26 MP: 4/4
   985 | D:2      | Reached skill level 5 in Maces & Flails
  1034 | D:1      | Bought a scroll labelled LIANEHA SAICOCW for 21 gold pieces
  1034 | D:1      | Bought a murky coppery potion for 18 gold pieces
  1175 | D:2      | Found a faded altar of an unknown god.
  1181 | D:2      | Prayed at the altar of an unknown god.
  1181 | D:2      | Became a worshipper of Lugonu the Unformed
  1181 | D:2      | Reached * piety under Lugonu
  1181 | D:2      | Reached ** piety under Lugonu
  1242 | D:2      | Found Jobowit's Armour Shoppe.
  1800 | D:3      | Noticed Ijyb
  1814 | D:3      | Killed Ijyb
  1867 | D:3      | Reached XP level 5. HP: 31/31 MP: 5/5
  2050 | D:3      | Noticed Grinder
  2137 | D:4      | Reached skill level 1 in Evocations
  2224 | D:4      | Found a sparkling altar of Nemelex Xobeh.
  2239 | D:4      | Noticed Blork the orc
  2255 | D:4      | Killed Blork the orc
  2256 | D:4      | Reached XP level 6. HP: 34/37 MP: 6/6
  2311 | D:4      | Noticed Dowan
  2312 | D:4      | Noticed Duvessa
  2324 | D:4      | Killed Duvessa
  2331 | D:4      | Killed Dowan
  2332 | D:4      | Reached XP level 7. HP: 25/43 MP: 7/7
  2372 | D:4      | Found a runed translucent door.
  2373 | D:4      | Noticed Crazy Yiuf
  2377 | D:4      | Identified a scroll of acquirement
  2535 | D:2      | Bought a +0 pair of boots for 58 gold pieces
  2647 | D:4      | Identified the +6 ring mail of Tempters {Int+6}
  2647 | D:4      | Noticed Robin
  2734 | D:4      | Killed Robin
  3041 | D:4      | Killed Crazy Yiuf
  3089 | D:5      | Entered Level 5 of the Dungeon
  3094 | D:5      | Reached skill level 1 in Armour
  3152 | D:5      | Reached *** piety under Lugonu
  3226 | D:5      | Reached skill level 1 in Invocations
  3291 | D:5      | Reached XP level 8. HP: 48/48 MP: 7/9
  3453 | D:5      | Reached skill level 2 in Invocations
  3457 | D:5      | Identified the +5 whip of Impatience {protect, +Blink Will+
                  | Str+4 Dex-2}
  3480 | D:5      | Found Dapnigguj's Antique Weapon Emporium.
  3753 | D:5      | Reached skill level 3 in Invocations
  4075 | D:6      | Found a staircase to the Ecumenical Temple.
  4106 | Temple   | Entered the Ecumenical Temple
  4333 | D:6      | Reached skill level 4 in Invocations
  4364 | D:6      | Noticed a vampire
  4383 | D:6      | Killed a vampire
  4407 | D:6      | Found a burning altar of Makhleb.
  4478 | D:6      | Noticed a yak
  4482 | D:6      | Noticed a yak
  4484 | D:6      | Noticed a yak
  4495 | D:6      | Killed a yak
  4496 | D:6      | Reached skill level 5 in Invocations
  4496 | D:6      | Reached XP level 9. HP: 48/52 MP: 13/13
  4514 | D:6      | Reached skill level 6 in Invocations
  4878 | D:6      | Acquired a ring of protection from cold
  5301 | D:7      | Noticed Joseph
  5333 | D:7      | Killed Joseph
  5334 | D:7      | Reached skill level 7 in Invocations
  5776 | D:8      | Noticed a +0 spear
  5776 | D:8      | Noticed a +0 short sword
  5777 | D:8      | Noticed a +0 dagger
  5778 | D:8      | Noticed a +0 falchion
  5779 | D:8      | Noticed a +0 short sword
  5779 | D:8      | Noticed a +0 dagger
  5779 | D:8      | Noticed a +0 falchion
  5779 | D:8      | Noticed a +0 spear
  5781 | D:8      | Found a hide-covered altar of Uskayaw.
  5828 | D:8      | Reached **** piety under Lugonu
  5857 | D:8      | Identified the amulet "Ahink" {RegenMP +Blink rPois Int+2
                  | Stlth+}
  6035 | D:8      | Reached skill level 10 in Maces & Flails
  6071 | D:9      | Noticed a queen bee
  6076 | D:9      | Noticed Pikel
  6119 | D:9      | Killed Pikel
  6120 | D:9      | Reached skill level 8 in Invocations
  6120 | D:9      | Reached XP level 10. HP: 57/57 MP: 16/16
  6177 | D:9      | Found a staircase to the Lair.
  6538 | D:9      | Reached skill level 9 in Invocations
  6580 | D:9      | Noticed Psyche
  6587 | D:9      | Killed Psyche
  6647 | D:9      | Noticed a two-headed ogre
  6652 | D:9      | Banished a two-headed ogre
  6654 | D:9      | Found a snail-covered altar of Cheibriados.
  6686 | D:9      | Noticed Erolcha
  6728 | D:9      | Killed Erolcha
  6729 | D:9      | Reached skill level 10 in Invocations
  6940 | Lair:1   | Entered Level 1 of the Lair of Beasts
  6942 | Lair:1   | Noticed a cane toad
  6943 | Lair:1   | Banished a cane toad
  6944 | Lair:1   | Reached XP level 11. HP: 61/61 MP: 13/18
  7011 | D:9      | Reached skill level 11 in Invocations
  7095 | Lair:1   | Found a frozen archway.
  7162 | IceCv    | Entered an ice cave
  7162 | IceCv    | Noticed a white ugly thing
  7165 | IceCv    | Banished a white ugly thing
  7168 | IceCv    | Found a transporter.
  7185 | IceCv    | Noticed a white ugly thing
  7206 | IceCv    | Found a transporter.
  7557 | Lair:1   | Reached skill level 12 in Invocations
  7952 | Lair:2   | Found a dark tunnel.
  7973 | Lair:2   | Reached skill level 1 in Shields
  7984 | Volcano  | Entered a volcano
  8236 | Volcano  | Found a burning altar of Makhleb.
  8246 | Volcano  | Gained mutation: You have a somewhat thin skeletal
                  | structure. (Dex +2, Stealth+) [potion of mutation]
  8246 | Volcano  | Gained mutation: You are agile. (Dex +2) [potion of
                  | mutation]
  8260 | Volcano  | Reached XP level 12. HP: 20/66 MP: 21/21
  8345 | Volcano  | Reached skill level 5 in Shields
  8392 | Volcano  | Noticed a hell knight
  8405 | Volcano  | Killed a hell knight
  8990 | Lair:2   | Found a staircase to the Snake Pit.
  9485 | Lair:3   | Noticed Nergalle
  9613 | Lair:3   | Killed Nergalle
  9614 | Lair:3   | Reached skill level 10 in Shields
  9776 | Lair:3   | Noticed a five-headed hydra
  9836 | Lair:2   | Killed a five-headed hydra
  9941 | Lair:3   | Noticed Prince Ribbit
  9943 | Lair:3   | Noticed a six-headed hydra
  9964 | Lair:3   | Killed Prince Ribbit
 10046 | Lair:3   | Killed a six-headed hydra
 10147 | Lair:3   | Noticed a catoblepas
 10236 | Lair:3   | Reached XP level 13. HP: 45/70 MP: 22/22
 11052 | Lair:4   | Reached ***** piety under Lugonu
 12229 | Lair:4   | Found a staircase to the Shoals.
 12568 | Lair:5   | Reached skill level 15 in Shields
 12753 | Lair:5   | Noticed Kirke
 12827 | Lair:4   | Killed Kirke
 12935 | Lair:5   | Found a staircase to the Slime Pits.
 13442 | Lair:5   | Gained mutation: Your large and strong wings let you fly.
                  | [Gargoyle growth]
 13442 | Lair:5   | Reached XP level 14. HP: 56/76 MP: 23/23
 13794 | Lair:6   | Entered Level 6 of the Lair of Beasts
 13949 | Lair:6   | Found a gate leading to a gauntlet.
 13962 | Gauntlet | Entered a Gauntlet
 13962 | Gauntlet | Found a transporter.
 13962 | Gauntlet | Found a transporter.
 13979 | Gauntlet | Found a transporter.
 13981 | Gauntlet | Found a transporter.
 13989 | Gauntlet | Found a transporter.
 13993 | Gauntlet | Found a transporter.
 14002 | Gauntlet | Found a transporter.
 14023 | Gauntlet | Found a transporter.
 14027 | Gauntlet | Found a transporter.
 14050 | Gauntlet | Found a transporter.
 14054 | Gauntlet | Found a runed translucent door.
 14055 | Gauntlet | Found a runed translucent door.
 14058 | Gauntlet | Found a transporter.
 14087 | Gauntlet | Found a transporter.
 14783 | Lair:6   | Reached ****** piety under Lugonu
 14796 | Lair:6   | Reached skill level 5 in Fighting
 15452 | Lair:6   | Noticed a dire elephant
 15453 | Lair:6   | Noticed a dire elephant
 15458 | Lair:6   | Noticed a dire elephant
 15502 | Lair:6   | Killed a dire elephant
 15927 | Lair:6   | Acquired the +3 pair of seven-league boots {Rampage+∞}
 15927 | Lair:6   | Found the +3 pair of seven-league boots {Rampage+∞}
 16615 | Lair:6   | Killed a dire elephant
 16720 | Lair:6   | Killed a dire elephant
 16999 | D:10     | Entered Level 10 of the Dungeon
 17170 | D:10     | Reached skill level 10 in Fighting
 17389 | D:10     | Found Xiemmopn's Weapon Shoppe.
 17447 | D:10     | Reached XP level 15. HP: 92/92 MP: 24/24
 19405 | D:12     | Reached skill level 5 in Armour
 19523 | D:12     | Found a staircase to the Orcish Mines.
 19525 | D:12     | Found Beocirch's Weapon Boutique.
 19869 | D:12     | Identified the +0 pair of gloves of Immorality {Rampage
                  | Regen+ Str-2 Int-2}
 20035 | D:12     | Reached skill level 13 in Invocations
 20208 | D:12     | Found the +4 Cigotuvi's embrace {rMiasma Drain rN+}
 20438 | Orc:1    | Entered Level 1 of the Orcish Mines
 20859 | Orc:1    | Noticed an orc warlord
 20911 | Orc:1    | Reached skill level 5 in Evocations
 20985 | D:12     | Killed an orc warlord
 21433 | Orc:2    | Entered Level 2 of the Orcish Mines
 21772 | Orc:2    | Found a staircase to the Elven Halls.
 22044 | Orc:2    | Found Secw's Magic Scroll Boutique.
 22044 | Orc:2    | Found Noatuho's Assorted Antiques.
 22195 | Orc:2    | Bought a scroll of magic mapping for 49 gold pieces
 22195 | Orc:2    | Bought a scroll of blinking for 105 gold pieces
 22204 | Orc:2    | Bought a masterwork hat for 216 gold pieces
 22204 | Orc:2    | Identified the +1 hat of Pride {Harm} (You bought it in a
                  | shop on level 2 of the Orcish Mines)
 22797 | Orc:2    | Found Bigomni's Antique Weapon Boutique.
 22797 | Orc:2    | Found Jusoamij's Jewellery Emporium.
 22801 | Orc:2    | Bought a brightly glowing mace for 192 gold pieces
 22801 | Orc:2    | Identified the +8 mace of Mutoffono {spect, Str+2 Dex+4}
                  | (You bought it in a shop on level 2 of the Orcish Mines)
 23209 | D:3      | Found a glowing silver altar of Zin.
 23221 | D:3      | Found a runed translucent gate.
 23221 | D:3      | Found a runed translucent gate.
 23221 | D:3      | Found a runed translucent gate.
 23221 | D:3      | Noticed sanka's ghost (amateur GnFi)
 23223 | D:3      | Found a basalt altar of Yredelemnul.
 23236 | D:3      | Killed sanka's ghost
 23321 | D:3      | Killed Grinder
 23472 | D:3      | Noticed Sigmund
 23476 | D:3      | Killed Sigmund
 23983 | Snake:1  | Entered Level 1 of the Snake Pit
 24186 | Snake:1  | Reached XP level 16. HP: 91/101 MP: 26/26
 24295 | Snake:1  | Found a flickering gateway to a bazaar.
 24306 | Bazaar   | Entered a bazaar
 24309 | Bazaar   | Found Amubumui's Antique Armour Shop.
 24322 | Bazaar   | Found Tauskotz's Antique Armour Shop.
 24373 | Bazaar   | Found Vuray's Book Shop.
 24373 | Bazaar   | Found Suiru's General Store.
 24394 | Bazaar   | Bought a scroll of teleportation for 30 gold pieces
 24394 | Bazaar   | Bought a +1 pair of gloves of strength for 165 gold pieces
 24394 | Bazaar   | Bought a scroll of blinking for 75 gold pieces
 24394 | Bazaar   | Bought a scroll of enchant weapon for 75 gold pieces
 24394 | Bazaar   | Bought a scroll of immolation for 35 gold pieces
 24416 | Bazaar   | Bought a glowing plate armour for 416 gold pieces
 24877 | Snake:1  | Reached skill level 14 in Invocations
 25904 | Snake:2  | Noticed a nagaraja
 25917 | Snake:2  | Killed a nagaraja
 26803 | Snake:3  | Found Kopuom's Jewellery Emporium.
 26803 | Snake:3  | Found Suseu's Book Boutique.
 26804 | Snake:3  | Found Qaekkut's Jewellery Emporium.
 26805 | Snake:3  | Noticed Azrael
 27038 | Snake:3  | Reached XP level 17. HP: 109/109 MP: 28/28
 27285 | Snake:3  | Reached skill level 15 in Invocations
 27295 | Snake:4  | Entered Level 4 of the Snake Pit
 27391 | Snake:3  | Killed Azrael
 27392 | Snake:3  | Reached skill level 10 in Armour
 27877 | Snake:3  | Identified the +6 executioner's axe of Moderation {freeze,
                  | +Blink Str-2 Dex+9 Stlth+}
 28543 | Snake:4  | Reached skill level 15 in Fighting
 29228 | Snake:4  | Found a runed translucent gate.
 29228 | Snake:4  | Found a runed translucent gate.
 29228 | Snake:4  | Found a runed translucent gate.
 30035 | Snake:4  | Reached skill level 16 in Invocations
 30314 | Snake:4  | Got a serpentine rune of Zot
 30384 | Snake:4  | Reached XP level 18. HP: 110/121 MP: 30/30
 31303 | D:13     | Reached skill level 17 in Invocations
 31303 | D:13     | Reached XP level 19. HP: 128/128 MP: 31/31
 31304 | D:13     | Reached XP level 20. HP: 134/134 MP: 32/32
 31332 | D:13     | Found Rannuud's Distillery.
 31340 | D:13     | Bought a potion of heal wounds for 60 gold pieces
 31340 | D:13     | Bought a potion of curing for 36 gold pieces
 31563 | D:13     | Found Opurphon's Jewellery Boutique.
 31618 | D:13     | Found Tuuruleq's Antique Armour Shoppe.
 32095 | D:14     | Found a flagged portal.
 32116 | Bailey   | Entered a bailey
 32195 | Bailey   | Found a runed translucent gate.
 32196 | Bailey   | Found a runed translucent gate.
 32197 | Bailey   | Found a runed translucent gate.
 32404 | D:14     | Acquired the ring of Xogreiq {rN+ rCorr SInv}
 32407 | D:14     | Acquired 742 gold pieces
 32928 | D:14     | Reached skill level 18 in Invocations
 33092 | D:14     | Identified the +2 hand axe of Understanding {holy, rF+
                  | Str-4 Dex+7}
 33240 | D:14     | Found a gate to the Vaults.
 33374 | Vaults:1 | Entered Level 1 of the Vaults
 34170 | Vaults:1 | Found a runed translucent gate.
 34170 | Vaults:1 | Found a runed translucent gate.
 34170 | Vaults:1 | Found an ancient bone altar of Kikubaaqudgha.
 34170 | Vaults:1 | Found a runed translucent gate.
 34170 | Vaults:1 | Noticed Siling's ghost (adept DjFE)
 34170 | Vaults:1 | Noticed a dread lich
 34171 | Vaults:1 | Noticed Onuingi's ghost (adept DrWn)
 34313 | Vaults:1 | Paralysed by a dread lich for 5 turns
 34521 | Elf:1    | Entered Level 1 of the Elven Halls
 35135 | Elf:1    | Got the Handbook of Conjuration
 35260 | Elf:1    | Identified Roxanne's Compendium of Transmigration
 35260 | Elf:1    | Noticed Roxanne
 35339 | Elf:1    | Found Moas's Weapon Emporium.
 35751 | Elf:2    | Reached XP level 21. HP: 122/142 MP: 34/34
 35763 | Elf:2    | Identified the ring of Moderation {Fly Int+4}
 35844 | Elf:2    | Reached skill level 5 in Throwing
 35935 | Elf:2    | Found a runed translucent gate.
 35935 | Elf:2    | Found a runed translucent gate.
 35935 | Elf:2    | Found a runed translucent gate.
 35962 | Elf:2    | Found Kimeet's Antique Armour Shoppe.
 35983 | Elf:2    | Reached skill level 19 in Invocations
 36021 | Elf:2    | Bought a shiny helmet for 157 gold pieces
 37431 | Elf:3    | Entered Level 3 of the Elven Halls
 37464 | Elf:3    | Found a flickering gateway to a bazaar.
 37471 | Bazaar   | Entered a bazaar
 37473 | Bazaar   | Found Xafimp's Magic Scroll Boutique.
 37477 | Bazaar   | Found Tuna's General Store.
 37477 | Bazaar   | Found Wyasuch's Book Boutique.
 37478 | Bazaar   | Found Sopee's Antique Weapon Boutique.
 37508 | Bazaar   | Bought the +8 lance "Wyrmbane" {slay drac, rPois rF+ rC+
                  | AC+3} for 2100 gold pieces
 37508 | Bazaar   | Found the +8 lance "Wyrmbane" {slay drac, rPois rF+ rC+
                  | AC+3}
 37514 | Bazaar   | Bought a scroll of enchant weapon for 112 gold pieces
 37514 | Bazaar   | Bought a scroll of enchant weapon for 112 gold pieces
 37514 | Bazaar   | Bought 2 scrolls of blinking for 225 gold pieces
 37879 | Elf:3    | Reached skill level 1 in Polearms
 38442 | Elf:3    | Paralysed by an air elemental for 1 turns
 38447 | Elf:3    | Paralysed by an air elemental for 1 turns
 38564 | Elf:3    | Paralysed by an air elemental for 1 turns
 38759 | Elf:3    | Reached skill level 5 in Polearms
 38856 | Elf:3    | Identified the +10 plate armour of Uskayaw's Respect
                  | {Str+2}
 39047 | Elf:3    | Identified the +0 plate armour of Serendipity {+Inv rPois
                  | Int+4}
 39544 | Elf:3    | Got the Volume of Damaging Poisoning
 39560 | Elf:3    | Identified the +0 cloak of the Sturgeon {Will- Dex+4
                  | Slay+2}
 39844 | Elf:3    | Got Dadegh's Grimoire of Mutagenic Battle Magic
 40231 | D:15     | Entered Level 15 of the Dungeon
 40231 | D:15     | Found Hura's Distillery.
 40760 | D:15     | Found a staircase to the Depths.
 41335 | Shoals:1 | Entered Level 1 of the Shoals
 41351 | Shoals:1 | You are sucked into a shaft and drop 1 floor!
 41492 | Shoals:1 | Reached XP level 22. HP: 124/150 MP: 35/35
 41726 | Shoals:1 | Found Fitufoet's Weapon Boutique.
 41770 | Shoals:1 | Noticed Louise
 41771 | Shoals:1 | Found Reuseosu's Assorted Antiques.
 41806 | Shoals:1 | Killed Louise
 41971 | Shoals:1 | Reached skill level 10 in Polearms
 43377 | Shoals:2 | Noticed Ilsuiw
 43421 | Shoals:2 | Killed Ilsuiw
 43593 | Shoals:3 | Found a runed translucent door.
 43593 | Shoals:3 | Noticed Fiono's ghost (adept GnTm)
 43845 | Shoals:2 | Killed Fiono's ghost
 44402 | Shoals:3 | Noticed Donald
 44438 | Shoals:3 | Killed Donald
 44637 | Shoals:3 | Acquired 1159 gold pieces
 45165 | Shoals:4 | Entered Level 4 of the Shoals
 45372 | Shoals:4 | Identified the +1 ring mail "Giry" {Drain +Inv rElec rC+++}
 45490 | Shoals:4 | Noticed Polyphemus
 45493 | Shoals:4 | Reached skill level 20 in Invocations
 45514 | Shoals:4 | Killed Polyphemus
 45681 | Shoals:4 | Found Hoof's Jewellery Shoppe.
 45961 | Shoals:4 | Got a barnacled rune of Zot
 47187 | Vaults:2 | Reached XP level 23. HP: 156/156 MP: 37/37
 47225 | Vaults:2 | Found a flickering gateway to a bazaar.
 47237 | Bazaar   | Entered a bazaar
 47238 | Bazaar   | Found Vyedd's General Store.
 47238 | Bazaar   | Found Vase Jybry's Assorted Antiques.
 47239 | Bazaar   | Found Nivufuemn's Assorted Antiques.
 47270 | Bazaar   | Found Hicsoci's Book Emporium.
 47289 | Bazaar   | Bought 2 potions of experience for 1300 gold pieces
 47290 | Bazaar   | Reached XP level 24. HP: 163/163 MP: 37/37
 47291 | Bazaar   | Reached skill level 15 in Armour
 47291 | Bazaar   | Reached XP level 25. HP: 169/169 MP: 37/37
 47303 | Bazaar   | Bought a bloodstained scale mail for 198 gold pieces
 47303 | Bazaar   | Identified the +6 scale mail of the Blue Moon {rElec Dex+3
                  | Slay-6} (You bought it in a shop in a bazaar)
 47314 | Bazaar   | Bought a wand of iceblast (4) for 92 gold pieces
 47518 | Vaults:2 | You are sucked into a shaft and drop 2 floors!
 48167 | Vaults:3 | Found a staircase to the Crypt.
 48245 | Vaults:3 | Noticed Aizul
 48266 | Vaults:3 | Killed Aizul
 48373 | Vaults:3 | Reached skill level 21 in Invocations
 50222 | Vaults:3 | Noticed Xtahua
 50226 | Vaults:3 | Killed Xtahua
 50691 | Vaults:3 | Noticed Asterion
 51045 | Vaults:3 | Killed Asterion
 51826 | Vaults:4 | Reached skill level 22 in Invocations
 52495 | Vaults:4 | Reached XP level 26. HP: 179/179 MP: 38/38
 52953 | Crypt:1  | Entered Level 1 of the Crypt
 53564 | Crypt:1  | Noticed Mara
 53622 | Crypt:1  | Noticed jt's illusion
 53655 | Crypt:1  | Killed Mara
 54524 | Crypt:2  | Identified the +1 long sword of Omamneang {holy, Fragile
                  | rN+ Int+4}
 55066 | Vaults:1 | Corrupted Vaults:1
 55074 | Vaults:1 | Killed a dread lich
 55219 | Vaults:1 | Killed Siling's ghost
 55247 | Vaults:1 | Killed Onuingi's ghost
 55345 | Vaults:1 | Identified the amulet of Neihow {RegenMP rN+ Str+4}
 55350 | Vaults:1 | Identified the +0 cloak of Figuxemo {Regen+ SInv}
 55966 | Depths:1 | Entered Level 1 of the Depths
 56161 | Depths:1 | Reached skill level 23 in Invocations
 56300 | Depths:1 | Found a gateway to Hell.
 56685 | Depths:1 | Noticed a juggernaut
 56729 | Depths:1 | Killed a juggernaut
 56805 | Depths:1 | Found a one-way gate leading to the halls of Pandemonium.
 57038 | Depths:1 | Found a shimmering blue altar of Sif Muna.
 57063 | Depths:2 | Found a one-way gateway to a ziggurat.
 57203 | Depths:2 | Noticed Kebab's ghost (veteran HOFi)
 57203 | Depths:2 | Identified the +3 great mace "Jellybane" {freeze, rN+ Int+3
                  | Dex+3 Stlth+}
 57204 | Depths:2 | Found a transporter.
 57207 | Depths:2 | Identified the +7 giant club of the Unliving {drain, Drain
                  | rC+ rCorr Dex+6 SInv}
 57207 | Depths:2 | Identified the +5 giant club of Dismay {antimagic, Contam
                  | rPois rCorr Stlth+}
 57372 | Depths:2 | Found a radiant altar of Vehumet.
 57372 | Depths:2 | Noticed the Enchantress
 57375 | Depths:2 | Killed the Enchantress
 57395 | Depths:2 | Identified the +5 rapier of Desulud {freeze, Fly Str+3}
 57413 | Depths:2 | Got Sif Muna's Disquisition on Cold and Darkness
 57414 | Depths:2 | Identified the +2 broad axe "Xenoix" {spect, Int+4 Dex+2}
 57426 | Depths:2 | Got Qohaba Gyef's Guide on the Displaced Volcanoes
 57440 | Depths:2 | Identified the +7 battleaxe of Joddam {vorpal, Will+ Str-2
                  | Dex+3}
 57812 | Depths:2 | Identified the +0 leather armour of Liola Vin {Harm}
 58013 | Depths:2 | Reached XP level 27. HP: 177/188 MP: 38/38
 58156 | Depths:2 | Found a transporter.
 58328 | Depths:2 | Killed Kebab's ghost
 58644 | Depths:3 | Found a one-way gate to the infinite horrors of the Abyss.
 58893 | Depths:3 | Acquired the ring "Ilodaerch" {Will+++ rCorr AC+4 Int-5
                  | Dex+2}
 59219 | Depths:3 | Noticed a juggernaut
 59244 | Depths:3 | Killed a juggernaut
 59261 | Depths:3 | Reached skill level 24 in Invocations
 59268 | Depths:3 | Identified the ring of the Gloaming {rF+ rN+ rCorr MP-9
                  | SInv}
 59334 | Depths:3 | Found the +8 Vampire's Tooth {vamp}
 59655 | Depths:4 | Entered Level 4 of the Depths
 59916 | Depths:4 | Identified the +8 long sword "Diamorph" {flame, rF- Int+2
                  | Stlth+}
 60064 | Depths:4 | Found a runed translucent door.
 60067 | Depths:4 | Found a runed translucent door.
 60077 | Depths:4 | Found a runed translucent door.
 60159 | Depths:4 | Found a gate to the Realm of Zot.
 60197 | Depths:4 | Found a runed translucent door.
 60197 | Depths:4 | Found a runed translucent door.
 60226 | Depths:4 | Found a runed translucent door.
 60914 | Depths:3 | Voluntarily entered the Abyss.
 60918 | Abyss:1  | Found a corrupted altar of Lugonu.
 61860 | Abyss:3  | Found a snail-covered altar of Cheibriados.
 61885 | Abyss:3  | Found a glowing golden altar of the Shining One.
 61954 | Abyss:3  | Noticed a juggernaut
 61975 | Abyss:3  | Killed a juggernaut
 61979 | Abyss:3  | Got an abyssal rune of Zot
 61983 | Abyss:3  | Found a glowing golden altar of the Shining One.
 62000 | Depths:3 | Escaped the Abyss
 62072 | Zot:1    | Entered Level 1 of the Realm of Zot
 62300 | Zot:1    | Reached skill level 25 in Invocations
 62427 | Zot:2    | Noticed an orb of fire
 62453 | Zot:2    | Killed an orb of fire
 62979 | Slime:1  | Entered Level 1 of the Pits of Slime
 63059 | Slime:3  | Gained mutation: You occasionally shout uncontrollably at
                  | your foes. [a shining eye]
 63157 | Slime:4  | Corrupted Slime:4
 63225 | Slime:5  | Entered Level 5 of the Pits of Slime
 63268 | Slime:5  | Noticed the Royal Jelly
 63480 | Slime:5  | Killed the Royal Jelly
 63608 | Slime:5  | Identified the +3 quick blade of Bodily Harmony {flame,
                  | *Corrode rElec rF++ Str+4}
 63612 | Slime:5  | Found the +8 orange crystal plate armour {Archmagi, Int+3
                  | Clar}
 63652 | Slime:5  | Identified the +0 robe of Dull Music {rPois Will- Int+2
                  | SInv}
 63662 | Slime:5  | Got a slimy rune of Zot
 64100 | Vaults:5 | Entered Level 5 of the Vaults
 64149 | Vaults:5 | Reached skill level 10 in Evocations
 64990 | Vaults:5 | Got a silver rune of Zot
 65330 | Vaults:5 | Identified the +0 flail "Macopaibou" {vorpal, rF+ MP+9
                  | Int+4 Dex-2}
 65404 | Vaults:5 | Identified the ring of Linearity {rPois rN++ SInv}
 65726 | Vaults:5 | Noticed Saint Roka
 65747 | Vaults:5 | Killed Saint Roka
 65761 | Vaults:5 | Reached skill level 26 in Invocations
 65855 | Vaults:5 | Acquired 943 gold pieces
 65966 | Vaults:5 | Found the +2 hood of the Assassin {Detection Stab+ Stlth++}
 66147 | Vaults:5 | Identified the +5 glaive of Okime {holy, Int+4 Stlth+}
 66455 | Vaults:5 | Got Pulumiw's Incunabulum of Heat and the Traveller
 67606 | Zot:2    | Reached skill level 1 in Stealth
 69058 | Zot:3    | Reached skill level 5 in Stealth
 69418 | Zot:3    | Found the +4 dragonskin cloak
 69418 | Zot:3    | Noticed Tiamat
 69471 | Zot:3    | Killed Tiamat
 69793 | Zot:4    | Noticed an orb of fire
 69804 | Zot:4    | Gained mutation: You do not regenerate when monsters are
                  | visible. [an orb of fire]
 69833 | Zot:4    | Killed an orb of fire
 70510 | Shoals:1 | Bought a potion of heal wounds for 190 gold pieces
 70510 | Shoals:1 | Bought a scroll of blinking for 285 gold pieces
 70646 | D:9      | Learned a level 2 spell: Passwall
 70646 | D:9      | Corrupted D:9
 70869 | D:13     | Bought 2 potions of magic for 192 gold pieces
 70869 | D:13     | Bought a potion of mutation for 96 gold pieces
 70869 | D:13     | Bought a potion of mutation for 96 gold pieces
 70908 | D:15     | Bought a potion of curing for 51 gold pieces
 70908 | D:15     | Bought a potion of curing for 51 gold pieces
 70908 | D:15     | Bought a potion of mutation for 136 gold pieces
 70908 | D:15     | Bought a potion of curing for 51 gold pieces
 70908 | D:15     | Bought a potion of mutation for 136 gold pieces
 70908 | D:15     | Bought a potion of mutation for 136 gold pieces
 70908 | D:15     | Bought a potion of cancellation for 136 gold pieces
 71206 | Zot:5    | Entered Level 5 of the Realm of Zot
 71307 | Zot:4    | Reached skill level 1 in Earth Magic
 71323 | Zot:4    | Reached skill level 1 in Spellcasting
 71323 | Zot:4    | Reached skill level 1 in Transmutations
 71335 | Zot:5    | Reached skill level 27 in Invocations
 72087 | Zot:5    | Noticed an ancient lich
 72114 | Zot:5    | Killed an ancient lich
 72195 | Zot:5    | Noticed an orb of fire
 72225 | Zot:5    | Killed an orb of fire
 72333 | Zot:5    | Noticed an orb of fire
 72349 | Zot:5    | Gained mutation: You are dopey. (Int -2) [an orb of fire]
 72356 | Zot:5    | Killed an orb of fire
 72562 | Zot:5    | Reached skill level 5 in Earth Magic
 72816 | Zot:5    | Got the Orb of Zot
 73099 | Depths:4 | Noticed a seraph
 73099 | Depths:4 | Lost mutation: You do not regenerate when monsters are
                  | visible. [potion of mutation]
 73099 | Depths:4 | Lost mutation: You are dopey. (Int -2) [potion of mutation]
 73099 | Depths:4 | Lost mutation: You occasionally shout uncontrollably at
                  | your foes. [potion of mutation]
 73099 | Depths:4 | Gained mutation: You sometimes lose the ability to read
                  | scrolls when taking damage. [potion of mutation]
 73099 | Depths:4 | Gained mutation: You tend to lose your temper in combat.
                  | [potion of mutation]
 73099 | Depths:4 | Gained mutation: You have large cloven feet. [potion of
                  | mutation]
 73099 | Depths:4 | Gained mutation: You have hoof-like feet. [potion of
                  | mutation]
 73613 | D:$      | Escaped with the Orb!

Illustrated notes

Levels and vault maps discovered:
D:1:      dpeg_arrival_connections, layout_basic, serial_shops, shop,
          st_stairs_11
D:2:      layout_basic, nicolae_ecumenical_lake_church, serial_shops,
          nicolae_lakefront_shop
D:3:      layout_loops_cross, lemuel_tele_altar,
          nicolae_yredelemnul_ghost_church, grunt_decor_junction, uniq_sigmund,
          uniq_ijyb, uniq_grinder
D:4:      layout_basic, mainiacjoe_overflow_boulevard, uniq_crazy_yiuf_cottage,
          uniq_robin, uniq_duvessa, uniq_blork_the_orc
D:5:      layout_basic, serial_shops, kennysheep_little_box
D:6:      layout_rooms, mainiacjoe_overflow_alcove_4, minmay_temple_entry_arrows
D:7:      layout_basic, uniq_joseph
D:8:      layout_rooms, nicolae_uskayaw_en_pointe, minmay_statues_item
D:9:      layout_basic, slow_altar_1, dpeg_oklobed_lair, hive_lemuel,
          uniq_erolcha, uniq_pikel, uniq_psyche
D:10:     layout_long_grid, serial_shops, nicolae_shop_waterfront,
          hangedman_incinerator
D:11:     layout_basic, minmay_liquid_box
D:12:     layout_irregular_city, orc_david_3, hellmonk_guarded_unrand_cigotuvi
D:13:     layout_cave_pods, serial_shops, shop, shop, nicolae_square_shop,
          grunt_livestock
D:14:     layout_basic, skrybe_vaults_entry_preservation,
          hangedman_decor_points, enter_bailey_5, serial_bayou_pond_e,
          evilmike_butchery
D:15:     grunt_enter_depths_snipers, layout_rooms, serial_shops,
          nicolae_shop_hallway_stairs
Temple:   nicolae_temple_elliptical
Lair:1:   layout_hall_layers, portal_ice_cave_demonic_guard,
          serial_bayou_shore_a
Lair:2:   layout_roguey, guppyfry_snake_entry_garden,
          nicolae_volcano_entry_lava_flow, grunt_megastairs_3
Lair:3:   layout_long_grid, serial_bayou_shore_b, uniq_nergalle,
          uniq_prince_ribbit2
Lair:4:   layout_layer_cave, elwin_shoals_entry_rooms,
          chequers_serial_rivers_large_a, grunt_forest_stairs_basic,
          minmay_hedge_maze, minivault_25
Lair:5:   layout_cave_shapes, minmay_slime_entry_pillars,
          minmay_stone_trees_small, serial_bayou_pond_d, uniq_kirke
Lair:6:   due_jungle_book, layout_long_grid, gauntlet_entry_generic,
          kennysheep_basilisk_garden
Shoals:1: cheibrodos_shoals_epimethial_gifts, layout_shoals, serial_shops, shop,
          nicolae_shop_statue_plus, uniq_louise
Shoals:2: layout_shoals, st_shoals_ruin, uniq_ilsuiw
Shoals:3: layout_shoals, gammafunk_ghost_grave, uniq_donald
Shoals:4: shoals_end_simple, layout_shoals, shoal_ilsuiw,
          minmay_shop_enchanted_jewellery, uniq_polyphemus
Snake:1:  layout_misc_corridors, serial_shops, bzr_entry_dummy,
          nicolae_snake_mages_go_home
Snake:2:  layout_cave_shapes, grunt_megastairs_4
Snake:3:  cheibrodos_snake_ritualist_ritual, layout_grid_shapes,
          minmay_shop_grove, lemuel_fruit_tree, uniq_azrael
Snake:4:  grunt_snake_rune_spirals, layout_concentric_octagons,
          nicolae_snake_horde_hoard
Slime:1:  layout_caves
Slime:2:  layout_caves
Slime:3:  layout_caves
Slime:4:  layout_caves
Slime:5
Orc:1:    layout_caves, minmay_orc_temple_c
Orc:2:    st_orc_town, layout_diamond_mine, uniq_jorgrun
Elf:1:    nicolae_elf_arrival_no_cutting_in_line, layout_geoelf_diagonals,
          serial_shops, nicolae_square_shop, minmay_elf_annihilation,
          uniq_roxanne
Elf:2:    elven_hall_of_blades_hangedman_original [nicolae_blade_lattice],
          layout_onion_city, serial_shops, nicolae_shop_waterfront
Elf:3:    grunt_elf_hall_branching, layout_loops_corners, serial_shops,
          bzr_entry_safe, lemuel_flamethrower_3
Vaults:1: gammafunk_ghost_crypt, v_misc_8, v_alt_pattern_6, v_misc_1,
          vaults_standard_mumra_x, nicolae_vaults_rhombus_7,
          vaults_room_grunt_arrival_ludios, v_misc_23, layout_vaults_omnigrid
Vaults:2: v_misc_25, nicolae_vaults_network_quincunx
          [nicolae_vaults_network_quincunx_subvault,
          nicolae_vaults_network_quincunx_subvault,
          nicolae_vaults_network_quincunx_subvault,
          nicolae_vaults_network_quincunx_subvault,
          nicolae_vaults_network_quincunx_subvault], grunt_vaults_funnel,
          nicolae_vaults_ninety_degrees, st_octagons_1, hangedman_vaults_corner,
          nicolae_vaults_network_barrier, hangedman_vaults_cutoff,
          nicolae_vaults_ring_of_whatevers, layout_vaults_maze, serial_shops,
          bzr_entry_road
Vaults:3: nicolae_vaults_hallways_thing, nicolae_vaults_what_the_h, v_misc_33,
          minmay_crypt_entry_vampire_xt, nicolae_vaults_little_squares_5,
          ontoclasm_vaults_bender, v_rooms_2, v_alt_pattern_1,
          dpeg_vaults_monster_row, vaults_room_semicircle,
          layout_vaults_chaotic_city, uniq_asterion, uniq_aizul, uniq_xtahua
Vaults:4: nicolae_vaults_display_case, vaults_mumra_minichess,
          nicolae_vaults_little_squares_4, v_pattern_2,
          hangedman_vaults_slither, nicolae_vaults_ring_of_whatevers,
          grunt_vaults_hallway_short, grunt_vaults_hallway_long,
          ontoclasm_vaults_decontamination, nicolae_vaults_alarming,
          nicolae_vaults_rhombus_6, v_misc_27, layout_vaults_omnicross
Vaults:5: uniq_saint_roka
Crypt:1:  layout_gridlike, nrook_guardian_serpent_ordinary,
          grunt_crypt_arrival_guarded_gate, uniq_mara
Crypt:2:  layout_rooms
Depths:1: layout_basic, hangedman_coc_ice_floe, dk_noncrumbling_3, pan_entry,
          nicolae_sif_muna_little_library, serial_bayou_shore_b
Depths:2: grunt_forest_end_shrine, layout_gridville, enter_ziggurat_b,
          rand_demon_pan_entry_1, nicolae_figureground_pulse, hell_entry,
          gammafunk_ghost_smash, kennysheep_minor_cross
Depths:3: minmay_the_grid_octo_2x2 [minmay_the_grid_octo_focus,
          minmay_the_grid_octo_chip, minmay_the_grid_octo_tetromino_candy,
          minmay_the_grid_octo_prize_single_spiral], layout_cave_shapes,
          abyss_entry, serial_rivers, chequers_serial_rivers_small_3,
          chequers_serial_rivers_micro_d, chequers_serial_rivers_large_b,
          chequers_serial_rivers_room_b, chequers_serial_rivers_micro_c,
          chequers_serial_rivers_micro_a, hell_entry,
          minmay_guarded_unrand_vampires_tooth, serial_bayou_shore_b,
          serial_bayou_shore_b
Depths:4: evilmike_zot_entry_castle, layout_cave_shapes,
          pf_hell_entry_tar_spiral, chequers_serial_rivers_marsh,
          dk_noncrumbling_2
Zot:1:    layout_basic, grunt_ministairs_1, st_large_dragon_hoard_2,
          grunt_megastairs_5
Zot:2:    lemuel_halls_of_wrath, layout_onion_interference
Zot:3:    layout_gridlike, st_single_dragon_hoard_3, drop_trap, uniq_tiamat
Zot:4:    layout_onion_interference
Zot:5:    layout_misc_corridors

Skill      XL: |  1  2  3  4  5  6  7  8  9 10 11 12 13 14 15 16 17 18 19 20 21 22 23 24 25 26 27 |
---------------+----------------------------------------------------------------------------------+-----
Maces & Flails | 4 5 6 8 10 11 13 14 | 14.5
Evocations     | 1 2 3 6 8 14 | 14.0
Fighting       | 3 4 10 11 13 16 17 18 19 20 21 23 26 | 26.1
Armour         | 2 4 7 9 10 13 14 15 17 19 24 | 24.4
Invocations    | 1 5 8 10 12 13 14 16 17 18 19 20 22 23 27 | 27.0
Shields        | 4 12 16 18 | 18.0
Dodging        | 3 |  3.6
Throwing       | 4 6 |  6.0
Polearms       | 9 12 | 12.0
Stealth        | 5 |  5.0
Earth Magic    | 6 |  6.0
Spellcasting   | 4 |  4.6
Transmutations | 4 |  4.1

Action                   |  1- 3 |  4- 6 |  7- 9 | 10-12 | 13-15 | 16-18 | 19-21 | 22-24 | 25-27 || total
-------------------------+-------+-------+-------+-------+-------+-------+-------+-------+-------++-------
Melee: Flail             |   109 |   118 |   106 |       |     9 |       |       |       |       ||   342
       Whip              |       |       |   347 |  1076 |  3470 |    31 |       |       |       ||  4924
       Mace              |       |       |       |       |   128 |  1042 |  1250 |       |       ||  2420
       Hand axe          |       |       |       |       |    55 |       |       |       |       ||    55
       Trident           |       |       |       |       |       |     1 |       |       |       ||     1
       Lance             |       |       |       |       |       |       |   339 |  1383 |  6975 ||  8697
       War axe           |       |       |       |       |       |       |       |    65 |   179 ||   244
 Fire: Hunting sling     |       |       |       |       |     5 |       |       |       |       ||     5
Throw: Dart              |       |       |    21 |    60 |   120 |     4 |    48 |    37 |    68 ||   358
       Javelin           |       |       |       |     1 |     1 |       |       |       |     2 ||     4
Invok: Banish            |       |       |       |    10 |     1 |     1 |       |       |     2 ||    14
       Bend Space        |       |       |       |       |    17 |    12 |    15 |     7 |    45 ||    96
       Corrupt           |       |       |       |       |       |       |       |       |     3 ||     3
 Abil: Evoke Blink       |       |       |     1 |       |     1 |       |       |       |       ||     2
Evoke: Wand              |       |     2 |     3 |    18 |    18 |    17 |     6 |     8 |    22 ||    94
       Phantom mirror    |       |       |       |       |     1 |     1 |     2 |       |     2 ||     6
       Tin of tremorston |       |       |       |       |       |       |     1 |     4 |    10 ||    15
       Lightning rod     |       |       |       |       |       |       |       |     3 |       ||     3
       Condenser vane    |       |       |       |       |       |       |       |     2 |     1 ||     3
       Box of beasts     |       |       |       |       |       |       |       |       |     1 ||     1
  Use: Scroll            |     1 |     4 |     7 |     6 |    11 |     1 |     7 |     8 |    17 ||    62
       Potion            |       |     6 |       |     8 |     4 |     3 |     2 |     3 |    21 ||    47
 Stab: Invisible         |       |       |       |     4 |       |       |       |       |     1 ||     5
       Paralysed         |       |       |       |     4 |       |       |       |       |       ||     4
       Petrified         |       |       |       |     4 |     4 |       |       |     3 |       ||    11
       Sleeping          |       |       |       |     1 |     9 |       |       |       |       ||    10
       Petrifying        |       |       |       |     1 |       |       |       |       |       ||     1
       Distracted        |       |       |       |       |     2 |    38 |    12 |       |     3 ||    55
       Confused          |       |       |       |       |       |       |       |       |     1 ||     1
Armor: Leather armour    |    49 |    25 |       |       |       |       |       |       |       ||    74
       Scale mail        |       |    24 |       |       |       |       |       |       |       ||    24
       Plate armour      |       |       |    62 |       |   394 |   338 |   567 |   728 |  2123 ||  4212
       Ring mail         |       |       |   170 |   414 |   609 |       |       |       |       ||  1193
       Chain mail        |       |       |       |       |   112 |       |       |       |       ||   112
       Crystal plate arm |       |       |       |       |       |       |       |       |   911 ||   911
Dodge: Dodged            |    71 |    68 |   153 |   387 |   700 |   149 |   214 |   303 |  1124 ||  3169
Block: Kite shield       |       |       |       |   245 |  1781 |   591 |   697 |   704 |  2883 ||  6901

Table legend: (Time is in decaauts)
 A = Elapsed time spent in this place.
 B = Non-inter-level travel time spent in this place.
 C = Inter-level travel time spent in this place.
 D = Time resting spent in this place.
 E = Time spent auto-exploring this place.
 F = Levels seen in this place.
 G = Mean time per level.
                   A        B        C        D        E       F      G
               +--------+--------+--------+--------+--------+-----+--------+
         Total |  66427 |  59003 |   7424 |   7686 |  22601 |  66 | 1006.5 |
       Dungeon |  15669 |  12567 |   3102 |    798 |   6661 |  15 | 1044.6 |
        Temple |    111 |    111 |      0 |      0 |     90 |   1 |  111.0 |
          Lair |   8524 |   7525 |    999 |    490 |   3313 |   6 | 1420.7 |
        Shoals |   4840 |   4485 |    355 |    550 |   2045 |   4 | 1210.0 |
     Snake Pit |   6420 |   6066 |    354 |   1244 |   1894 |   4 | 1605.0 |
    Slime Pits |    658 |    596 |     62 |     61 |    113 |   5 |  131.6 |
  Orcish Mines |   2198 |   2078 |    120 |    161 |    863 |   2 | 1099.0 |
   Elven Halls |   5377 |   5079 |    298 |   1503 |   1501 |   3 | 1792.3 |
        Vaults |   9186 |   8526 |    660 |    919 |   3122 |   5 | 1837.2 |
         Crypt |   1332 |   1232 |    100 |    129 |    408 |   2 |  666.0 |
        Depths |   4859 |   4196 |    663 |    303 |   1849 |   4 | 1214.8 |
           Zot |   4971 |   4264 |    707 |   1434 |    396 |   5 |  994.2 |
         Abyss |    882 |    882 |      0 |      0 |     21 |   3 |  294.0 |
        Bazaar |    261 |    261 |      0 |      0 |    145 |   3 |   87.0 |
        Bailey |    260 |    260 |      0 |      0 |    100 |   1 |  260.0 |
      Ice Cave |     50 |     50 |      0 |     11 |      0 |   1 |   50.0 |
       Volcano |    454 |    454 |      0 |     65 |      0 |   1 |  454.0 |
      Gauntlet |    368 |    368 |      0 |     12 |     79 |   1 |  368.0 |
               +--------+--------+--------+--------+--------+-----+--------+

Top non-repeatable levels by time:
 Snake:4: 2639 daAuts
   Zot:2: 2572 daAuts
   Elf:3: 2487 daAuts
Vaults:3: 2176 daAuts
  Lair:6: 2031 daAuts
Vaults:5: 1965 daAuts
Vaults:1: 1897 daAuts
Vaults:2: 1766 daAuts
   Elf:2: 1741 daAuts
  Lair:4: 1711 daAuts
    D:11: 1647 daAuts
    D:14: 1512 daAuts
 Snake:2: 1510 daAuts
Depths:4: 1465 daAuts
  Lair:2: 1392 daAuts
